 Dungeon Sprint DCSS version 0.28-a0-845-gfc338a8e3c (webtiles) character file.

Game seed: 13263850140001575583

54 kklluuttzz the Cleaver (level 6, -17/44 HPs)
             Began as a Formicid Warper on Nov 12, 2021.
             Was a Priest of Sif Muna.
             Demolished by a red devil (21 damage)
             ... summoned by a kobold demonologist
             ... in the Dungeon (Sprint VI: "Thunderdome").
             The game lasted 00:04:34 (460 turns).

kklluuttzz the Cleaver (Formicid Warper)             Turns: 460, Time: 00:04:35

Health: -17/44     AC:  4    Str: 18    XL:     6   Next: 80%
Magic:  12/12      EV: 11    Int: 12    God:    Sif Muna [***...]
Gold:   65         SH:  0    Dex: 10    Spells: 7/13 levels left

rFire   . . .      SeeInvis +   a - +0 hand axe
rCold   . . .      Faith    .   (no shield)
rNeg    . . .      Spirit   .   m - +0 troll leather armour
rPois   .          Reflect  .   (helmet unavailable)
rElec   .          Harm     .   (no cloak)
rCorr   .          Rampage  .   (no gloves)
Will    .....                   (no boots)
Stlth   +.........              (no amulet)
HPRegen 1.14/turn               (no ring)
MPRegen 0.13/turn               (no ring)

@: spiked
A: permanent stasis, dig shafts and tunnels, antennae 3, four strong arms
a: Dig, Renounce Religion, Channel Magic, Forget Spell


You were in the Dungeon.
You worshipped Sif Muna.
Sif Muna was most pleased with you.
You visited 1 branch You collected 280 gold pieces.
You spent 215 gold pieces at shops.

Inventory:

Hand Weapons
 a - a +0 hand axe (weapon)
Missiles
 c - 3 boomerangs of dispersal (quivered)
Armour
 b - a +0 leather armour
 m - a +0 troll leather armour (worn)
Wands
 g - a wand of acid (1)
 h - a wand of iceblast (5)
Scrolls
 i - 3 scrolls of blinking {unknown}
 j - 3 scrolls of fog
Potions
 e - 3 potions of heal wounds
 f - 2 potions of magic
 k - 3 potions of haste {unknown}
 l - a potion of resistance


   Skills:
 - Level 2.1 Fighting
 - Level 12.0 Axes
 - Level 1.0 Throwing
 - Level 1.1 Armour
 - Level 1.7 Dodging
 + Level 4.0 Spellcasting
 + Level 4.1 Translocations
 + Level 3.8 Invocations


You had 7 spell levels left.
You knew the following spells:

 Your Spells              Type           Power      Damage    Failure   Level
b - Lesser Beckoning      Tloc           12%        N/A       14%         3
t - Teleport Other        Tloc           12%        N/A       14%         3

Your spell library contained the following spells:

 Spells                   Type           Power      Damage    Failure   Level
 Gell's Gravitas          Tloc           12%        N/A       14%         3
 Manifold Assault         Tloc           12%        N/A       80%         5
 Blink                    Tloc           Unusable   N/A       N/A         2

Dungeon Overview and Level Annotations

Branches:
Dungeon (1/1)

Altars:
Cheibriados
Dithmenos
Fedhas
Gozag
Kikubaaqudgha
Makhleb
Okawaru
Qazlal
Ru
Sif Muna
Trog
Uskayaw
Vehumet
Wu Jian
Xom
Yredelemnul
Zin
The Shining One
Beogh
Jiyva
Lugonu

Shops:
D *[??*?*:[((!!!!


Innate Abilities, Weirdness & Mutations

You cannot be hasted, slowed, berserked, paralysed or teleported.
You can dig through walls and to a lower floor.
You have a pair of large antennae on your head. (SInv)
Your four strong arms can wield two-handed weapons with a shield.


Message History

Unknown command.
Cast which spell? (? or * to list)
Aiming: Teleport Other (dangerous; 14% risk of failure)
Press: ? - help, Shift-Dir - straight line, f - sun demon, p - kobold demonologist
Aim: a sun demon (heavily wounded, summoned, covered in acid, chance to affect: 7%)
Okay, then.
You extend your mandibles.
You dig through the rock wall.
The sun demon closely misses you.
The kobold demonologist hits you with a +0 dagger.
You retract your mandibles.
You closely miss the kobold demonologist.
The kobold demonologist is heavily wounded.
You slash the sun demon! The sun demon barely misses you.
You hit the kobold demonologist.
The kobold demonologist is heavily wounded.
You hit the sun demon.
The kobold demonologist casts a spell.
The sun demon hits you but does no damage.
You slash the kobold demonologist!
The kobold demonologist is severely wounded.
You closely miss the sun demon.
The kobold demonologist gestures wildly while chanting.
The sun demon barely misses you.
You miss the kobold demonologist.
The kobold demonologist is severely wounded.
You completely miss the sun demon. The red devil misses you.
The sun demon hits you!!
You are engulfed in flames!
* * * LOW HITPOINT WARNING * * *
The kobold demonologist barely misses you.
You miss the kobold demonologist.
The kobold demonologist is severely wounded.
You barely miss the sun demon.
The red devil hits you from afar with a +0 trident!
* * * LOW HITPOINT WARNING * * *
Barbed spikes become lodged in your body.
You feel much better. The sun demon hits you.
You are engulfed in flames!
* * * LOW HITPOINT WARNING * * *
The kobold demonologist hits you but does no damage.
The red devil hits you from afar with a +0 trident!!
You die...

#⌠...........⌠#
######.8.........8.######
##..__......###......___∩##
###∩........8.# #.8........∩###
##.............###††...........#
#⌠..........###...###..........⌠
#⌠..........# #.<.# #..†.......⌠
#⌠..........###...###..........⌠
##............3@##.............#
###∩........8K###.8........∩###
##∩___...545###......_._∩##
######.8.........8.######
#⌠...........÷# ###...3.....###
#_......._# #_...K..._#
#_......._#


You could see a sun demon (summoned, corroded), a kobold demonologist
(corroded), a red devil (summoned), an iron imp (summoned) and an ufetubus
(summoned).

Vanquished Creatures
  2 water moccasins (D)
  A bullfrog (D)
  5 adders (D)
  An orc (D)
  4 ball pythons (D)
13 creatures vanquished.

Notes
Turn   | Place    | Note
-------+----------+-------------------------------------------
     0 | D        | kklluuttzz the Formicid Warper began the quest for the Orb.
     0 | D        | Reached XP level 1. HP: 16/16 MP: 3/3
     1 | D        | Found a sacrificial altar of Ru.
     1 | D        | Found a glowing golden altar of the Shining One.
     2 | D        | Found a bloodstained altar of Trog.
     3 | D        | Found a burning altar of Makhleb.
     3 | D        | Found an ancient bone altar of Kikubaaqudgha.
     4 | D        | Found a radiant altar of Vehumet.
     4 | D        | Found Quixur's Magic Scroll Shop.
     4 | D        | Found Hinycw's Staff Store.
     5 | D        | Found Zolujuewn's Magic Scroll Shop.
     5 | D        | Found Jugiy's Must-Have Magic.
     5 | D        | Round 1.
     8 | D        | Found a basalt altar of Yredelemnul.
     9 | D        | Found a stormy altar of Qazlal.
    14 | D        | Found a corrupted altar of Lugonu.
    14 | D        | Found a shadowy altar of Dithmenos.
    15 | D        | Found a shimmering altar of Xom.
    15 | D        | Found a hide-covered altar of Uskayaw.
    16 | D        | Found a snail-covered altar of Cheibriados.
    16 | D        | Found a shimmering blue altar of Sif Muna.
    17 | D        | Found an ornate altar of the Wu Jian Council.
    17 | D        | Found a viscous altar of Jiyva.
    17 | D        | Found Aluass's Premium Goods.
    17 | D        | Found Annimal's Weapon Rack.
    18 | D        | Found Cowacuys's Miscellaneous Merchandise.
    18 | D        | Found Imiproah's Basic Armour.
    20 | D        | Found an opulent altar of Gozag.
    26 | D        | Became a worshipper of Sif Muna the Loreminder
    29 | D        | Bought a +0 troll leather armour for 180 gold pieces
    46 | D        | Reached skill level 4 in Axes
    46 | D        | Reached XP level 2. HP: 4/22 MP: 5/5
    61 | D        | Reached * piety under Sif Muna
    64 | D        | Found a blossoming altar of Fedhas.
    65 | D        | Found Fehed's Identification Station.
    66 | D        | Found Duanaoc's Advanced Armour.
    66 | D        | Found Oghep's Jewellery.
    96 | D        | Reached skill level 5 in Axes
    96 | D        | Reached XP level 3. HP: 20/27 MP: 6/6
   109 | D        | Learned a level 3 spell: Teleport Other
   113 | D        | Learned a level 3 spell: Lesser Beckoning
   122 | D        | Noticed a water moccasin
   126 | D        | Killed a water moccasin
   126 | D        | Arena points: 12 (+12) [x2]
   127 | D        | Reached skill level 9 in Axes
   127 | D        | Reached XP level 4. HP: 33/33 MP: 7/7
   127 | D        | Reached XP level 5. HP: 38/38 MP: 8/8
   133 | D        | Found a glowing silver altar of Zin.
   133 | D        | Found an iron altar of Okawaru.
   188 | D        | Round 2.
   189 | D        | Noticed a water moccasin
   210 | D        | Killed a water moccasin
   210 | D        | Reached ** piety under Sif Muna
   211 | D        | Reached skill level 12 in Axes
   211 | D        | Reached XP level 6. HP: 13/44 MP: 9/9
   280 | D        | Reached skill level 1 in Invocations
   283 | D        | Found Leschufiu's Distillery.
   283 | D        | Found Guhosk's Do-It-Yourself Clinic.
   284 | D        | Found Xamergh's Distillery.
   284 | D        | Found Noed's Bottled Wisdom.
   294 | D        | Bought a potion of heal wounds for 35 gold pieces
   351 | D        | Reached *** piety under Sif Muna
   351 | D        | Arena points: 54 (+42) [x3]
   390 | D        | Round 3.
   445 | D        | Noticed a kobold demonologist
   448 | D        | Noticed a sun demon
   457 | D        | Noticed a red devil
   459 | D        | HP: 1/44 [red devil[a kobold demonologist] (10)]
   460 | D        | Demolished by a red devil

Illustrated notes

Levels and vault maps discovered:
D:        arena_sprint

Skill      XL: |  1  2  3  4  5  6 |
---------------+-------------------+-----
Axes           | 4 5 9 12 | 12.0
Translocations | 4 |  4.1
Invocations    | 3 |  3.8
Spellcasting   | 4 |  4.0
Fighting       | |  2.1
Throwing       | |  1.0
Armour         | |  1.1
Dodging        | |  1.7

Action                   |  1- 3 |  4- 6 || total
-------------------------+-------+-------++-------
Melee: Hand axe          |    27 |    65 ||    92
Throw: Boomerang         |     1 |     1 ||     2
 Abil: Dig               |       |     1 ||     1
Evoke: Wand              |     2 |     2 ||     4
  Use: Potion            |     2 |     1 ||     3
Armor: Troll leather arm |     8 |    14 ||    22
Dodge: Dodged            |    21 |    33 ||    54

Table legend: (Time is in decaauts)
 A = Elapsed time spent in this place.
 B = Non-inter-level travel time spent in this place.
 C = Inter-level travel time spent in this place.
 D = Time resting spent in this place.
 E = Time spent auto-exploring this place.
 F = Levels seen in this place.
 G = Mean time per level.
                   A        B        C        D        E       F      G
               +--------+--------+--------+--------+--------+-----+--------+
         Total |    445 |    445 |      0 |     59 |     65 |   1 |  445.0 |
       Dungeon |    445 |    445 |      0 |     59 |     65 |   1 |  445.0 |
               +--------+--------+--------+--------+--------+-----+--------+

Top non-repeatable levels by time:
       D: 445 daAuts
